 Dungeon Sprint DCSS version 0.29-a0-364-g921d912d32 (webtiles) character file.

Game seed: 13916465425138955911

581 mhtbhm the Protected (level 7, -8/70 HPs)
             Began as a Minotaur Fighter on Apr 30, 2022.
             Was a Follower of Okawaru.
             Killed from afar by Erica (16 damage)
             ... with a lance of force
             ... in the Dungeon (Sprint VII: "The Pits").
             The game lasted 00:01:09 (632 turns).

mhtbhm the Protected (Minotaur Fighter)              Turns: 632, Time: 00:01:10

Health: -8/70      AC: 13    Str: 23    XL:     7   Next: 13%
Magic:  8/10       EV: 12    Int:  5    God:    Okawaru [*.....]
Gold:   0          SH:  7    Dex:  9    Spells: 6/6 levels left

rFire   . . .      SeeInvis .   a - +2 hand axe
rCold   . . .      Faith    .   c - +0 buckler
rNeg    . . .      Spirit   .   b - +3 scale mail
rPois   .          Reflect  .   (helmet restricted)
rElec   .          Harm     .   (no cloak)
rCorr   .          Rampage  .   (no gloves)
Will    .....      NoTele   +   (no boots)
Stlth   +.........              (no amulet)
HPRegen 0.21/turn               (no ring)
MPRegen 0.12/turn               (no ring)

@: lethally poisoned (-8 -> -16), heroic
A: horns 2, retaliatory headbutt
a: Renounce Religion, Heroism


You were in the Dungeon.
You worshipped Okawaru.
Okawaru was aware of your devotion.
You visited 1 branch

Inventory:

Hand Weapons
 a - a +2 hand axe (weapon)
Armour
 b - a +3 scale mail (worn)
 c - a +0 buckler (worn)
Scrolls
 j - a scroll of blinking
 l - 5 scrolls of amnesia
Potions
 d - a potion of might
 e - 6 potions of curing
 f - 5 potions of heal wounds
 g - a potion of haste
 h - 4 potions of magic
 i - 3 potions of berserk rage
 k - 2 potions of invisibility


   Skills:
 + Level 9.1(14.1) Fighting
 + Level 7.8(12.8) Axes
 + Level 9.7(14.7) Armour
 + Level 1.5(6.5) Dodging
 + Level 8.9(13.9) Shields
 * Level 6.6 Invocations


You had 6 spell levels left.
You didn't know any spells.
Your spell library was empty.

Dungeon Overview and Level Annotations

Branches:
Dungeon (1/1)

Altars:
Ashenzari
Cheibriados
Dithmenos
Elyvilon
Fedhas
Gozag
Hepliaklqana
Kikubaaqudgha
Makhleb
Nemelex Xobeh
Okawaru
Qazlal
Ru
Sif Muna
Trog
Uskayaw
Vehumet
Wu Jian
Xom
Yredelemnul
Zin
The Shining One
Beogh
Jiyva
Lugonu

Annotations:
D Erica


Innate Abilities, Weirdness & Mutations

You have a pair of horns on your head.
You reflexively headbutt those who attack you in melee.


Message History

No target in view!
No target in view!
No target in view!
No target in view!
No target in view!
No target in view!
No target in view!
No target in view!
No target in view!
You gain the combat prowess of a mighty hero.
Something hits you but does no damage.
You closely miss something. Your headbutt misses something.
Something hits you but does no damage.
You closely miss something.
You hear some strange, mumbled words.
A lance of force appears from out of thin air!
The lance of force hits you!
You are knocked back by the lance of force.
You slam into the metal wall!
* * * LOW HITPOINT WARNING * * *
You feel much better.
You miss something. Your headbutt misses something. You closely miss something.
Your headbutt misses something. Something hits you! Something burns you.
You hit something but do no damage. Your headbutt misses something.
You hear some strange, mumbled words.
A bolt of poison appears from out of thin air!
The bolt of poison hits you!!
You are poisoned.
* * * LOW HITPOINT WARNING * * *
You barely miss something. Your headbutt misses something.
* * * LOW HITPOINT WARNING * * *
You feel very sick.
You barely miss something. Your headbutt misses something.
* * * LOW HITPOINT WARNING * * *
You feel sick.
You hear some strange, mumbled words.
A lance of force appears from out of thin air!
The lance of force hits you!
You die...

#.#...)))[.##.......#
#†###########.......#
#..#.#.## #########
#.......# ##.#.#.##
#.......#+#
##.#.#.##.+
#.......#{#
##.#.#..'@#
##########


There were no monsters in sight!

Vanquished Creatures
  A water moccasin (D)
  2 floating eyes (D)
  2 black bears (D)
  A scorpion (D)
  A hound (D)
  A river rat (D)
  An ufetubus (D)
  An adder zombie (D)
  An orc (D)
  A goblin (D)
  A quokka (D)
  A ball python (D)
  A ball python zombie (D)
  A bat (D)
  A frilled lizard (D)
17 creatures vanquished.

Notes
Turn   | Place    | Note
-------+----------+-------------------------------------------
     0 | D        | mhtbhm the Minotaur Fighter began the quest for the Orb.
     0 | D        | Reached XP level 1. HP: 19/19 MP: 0/0
    26 | D        | Found a bloodstained altar of Trog.
    26 | D        | Found a shimmering blue altar of Sif Muna.
    26 | D        | Found a viscous altar of Jiyva.
    26 | D        | Found a hazy altar of Hepliaklqana.
    26 | D        | Found an opulent altar of Gozag.
    27 | D        | Found a glowing golden altar of the Shining One.
    27 | D        | Found a glowing silver altar of Zin.
    27 | D        | Found a basalt altar of Yredelemnul.
    27 | D        | Found a shimmering altar of Xom.
    27 | D        | Found an ornate altar of the Wu Jian Council.
    27 | D        | Found a sacrificial altar of Ru.
    27 | D        | Found a stormy altar of Qazlal.
    27 | D        | Found an iron altar of Okawaru.
    27 | D        | Found a sparkling altar of Nemelex Xobeh.
    27 | D        | Found a burning altar of Makhleb.
    27 | D        | Found a blossoming altar of Fedhas.
    27 | D        | Found a white marble altar of Elyvilon.
    27 | D        | Found a shadowy altar of Dithmenos.
    27 | D        | Found a snail-covered altar of Cheibriados.
    30 | D        | Found a corrupted altar of Lugonu.
    30 | D        | Found a radiant altar of Vehumet.
    31 | D        | Found an ancient bone altar of Kikubaaqudgha.
    31 | D        | Found a hide-covered altar of Uskayaw.
    31 | D        | Found a broken altar of Ashenzari.
    35 | D        | Became a worshipper of Warmaster Okawaru
   160 | D        | Reached skill level 1 in Invocations
   164 | D        | Reached XP level 2. HP: 23/28 MP: 1/1
   211 | D        | Noticed a floating eye
   214 | D        | Killed a floating eye
   214 | D        | Reached * piety under Okawaru
   215 | D        | Reached XP level 3. HP: 38/38 MP: 1/4
   215 | D        | Reached XP level 4. HP: 45/45 MP: 1/5
   349 | D        | Noticed a scorpion
   356 | D        | Killed a scorpion
   357 | D        | Reached XP level 5. HP: 50/52 MP: 5/7
   442 | D        | Noticed a black bear
   442 | D        | Noticed a water moccasin
   454 | D        | Killed a water moccasin
   455 | D        | Reached skill level 5 in Axes
   455 | D        | Reached skill level 5 in Invocations
   455 | D        | Reached XP level 6. HP: 49/61 MP: 8/8
   457 | D        | Reached skill level 1 in Dodging
   610 | D        | Noticed a floating eye
   611 | D        | Paralysed by a floating eye for 4 turns
   616 | D        | Killed a floating eye
   616 | D        | Reached ** piety under Okawaru
   617 | D        | Reached XP level 7. HP: 70/70 MP: 10/10
   619 | D        | Noticed Erica
   632 | D        | Killed from afar by Erica

Illustrated notes

Levels and vault maps discovered:
D:        pitsprint [storerooms_1, entrance_room_1, metal_vault_5, armoury_1,
          mini_pit_1, grid_room_1, main_hall_1, silver_pit, the_coven_3,
          the_vestibule_1, steel_vault_2, golden_pit, hallway_of_sentries,
          crystal_vault_6, iron_vault_2, final_vault]

Skill      XL: |  1  2  3  4  5  6 |
---------------+-------------------+-----
Fighting       | 4 6 7 9 |  9.1
Armour         | 4 6 7 8 9 |  9.7
Shields        | 4 6 7 8 |  8.9
Invocations    | 1 3 4 5 6 |  6.6
Axes           | 4 5 7 |  7.8
Dodging        | 1 |  1.5

Action                   |  1- 3 |  4- 6 |  7- 9 || total
-------------------------+-------+-------+-------++-------
Melee: Hand axe          |    13 |    40 |    10 ||    63
       War axe           |     3 |       |       ||     3
       Headbutt          |     2 |    11 |     1 ||    14
Invok: Heroism           |       |       |     1 ||     1
  Use: Potion            |       |       |     1 ||     1
Armor: Scale mail        |     5 |    15 |     3 ||    23
Dodge: Dodged            |     8 |    16 |       ||    24
Block: Buckler           |     3 |     9 |       ||    12

Table legend: (Time is in decaauts)
 A = Elapsed time spent in this place.
 B = Non-inter-level travel time spent in this place.
 C = Inter-level travel time spent in this place.
 D = Time resting spent in this place.
 E = Time spent auto-exploring this place.
 F = Levels seen in this place.
 G = Mean time per level.
                   A        B        C        D        E       F      G
               +--------+--------+--------+--------+--------+-----+--------+
         Total |    636 |    636 |      0 |    381 |     22 |   1 |  636.0 |
       Dungeon |    636 |    636 |      0 |    381 |     22 |   1 |  636.0 |
               +--------+--------+--------+--------+--------+-----+--------+

Top non-repeatable levels by time:
       D: 636 daAuts
